 Dungeon Crawl Stone Soup version 0.21-a0-128-gf2b353c (webtiles) character file.

18048 valhalheru the Fighter (level 12, 0/115 HPs)
             Began as a Hill Orc Berserker on July 16, 2017.
             Was an Elder of Trog.
             Succumbed to a soldier ant's poison
             ... on level 2 of the Lair of Beasts.
             The game lasted 01:06:38 (15842 turns).

valhalheru the Fighter (Hill Orc Berserker)        Turns: 15842, Time: 01:06:39

Health: 0/115      AC: 20    Str: 23    XL:     12   Next: 54%
Magic:  12/12      EV: 10    Int:  9    God:    Trog [****..]
Gold:   801        SH:  5    Dex: 16    Spells: 11/11 levels left

rFire    + + +     SeeInvis .   a - +10 trident "Qiuthrucy" {drain, *Rage rF++ Int+2}
rCold    + . .     Gourm    .   s - +2 buckler of the Thinker {rC- Dex+4}
rNeg     . . .     Faith    +   b - +2 plate armour
rPois    .         Spirit   .   w - +0 helmet of Fun and Games {rF+ rC++}
rElec    .         Reflect  .   (no cloak)
rCorr    .         Harm     .   m - +0 pair of gloves
MR       +....     Rnd*Rage +   x - +0 pair of boots
Stlth    ..........             S - amulet of faith
HPRegen  0.29/turn              g - ring of protection from magic
MPRegen  0.13/turn              F - ring of flight

@: lethally poisoned (0 -> -83), berserk cooldown, slowed, very slow
A: no striking features
a: Berserk, Trog's Hand, Brothers in Arms, Burn Spellbooks, Renounce Religion,
Evoke Flight


You were on level 2 of the Lair of Beasts.
You worshipped Trog.
Trog was greatly pleased with you.
You were not hungry.

You visited 3 branches of the dungeon, and saw 16 of its levels.

You collected 976 gold pieces.
You spent 175 gold pieces at shops.

Inventory:

Hand Weapons
 a - the +10 trident "Qiuthrucy" (weapon) {drain, *Rage rF++ Int+2}
   (You found it on level 11 of the Dungeon)

   A truly terrible weapon, it drains the life of those it strikes.
   It affects your intelligence (+2).
   It greatly protects you from fire.
   It may make you go berserk in combat.
 h - the +3 glaive "Aubergine" {freeze, Dex+3}
   (Trog gifted it to you on level 8 of the Dungeon)

   It has been specially enchanted to freeze those struck by it, causing extra
   injury to most foes and up to half again as much damage against particularly
   susceptible opponents.
   It can also slow down cold-blooded creatures.
   It affects your dexterity (+3).
 E - a +3 trident of flaming
Missiles
 i - 6 javelins
 q - 5 tomahawks
 y - 4 silver tomahawks (quivered)
 z - 7 exploding tomahawks
 Q - 3 javelins of returning
Armour
 b - a +2 plate armour (worn)
 k - a +0 troll leather armour
 m - a +0 pair of gloves (worn)
 s - the +2 buckler of the Thinker (worn) {rC- Dex+4}
   (You found it on level 11 of the Dungeon)

   It affects your dexterity (+4).
   It makes you vulnerable to cold.
 w - the +0 helmet of Fun and Games (worn) {rF+ rC++}
   (You found it on level 1 of the Lair of Beasts)

   It protects you from fire.
   It greatly protects you from cold.
 x - a +0 pair of boots (worn)
 O - +0 acid dragon scales
Jewellery
 g - a ring of protection from magic (left hand)
 F - a ring of flight (right hand)
 R - a +3 amulet of reflection
 S - an amulet of faith (around neck)
 X - an uncursed amulet of regeneration
Wands
 H - a wand of flame (17/48)
 K - a wand of iceblast (6/15)
Scrolls
 j - 2 scrolls of remove curse
 u - 5 scrolls of teleportation
 A - a scroll of recharging
 W - a scroll of blinking
Potions
 d - 4 potions of might
 e - a potion of heal wounds
 l - 3 potions of resistance
 o - 9 potions of curing
 t - a potion of invisibility
 v - 2 potions of haste
 B - a potion of agility {unknown}
 D - a potion of lignification {unknown}
 J - 2 potions of cancellation
 L - a potion of berserk rage {unknown}
Comestibles
 c - 12 bread rations
 f - 3 meat rations
 n - 3 chunks of flesh
 r - 4 fruits


   Skills:
 * Level 13.1 Fighting
   Level 5.8 Short Blades
 * Level 11.6 Polearms
 + Level 4.8 Throwing
 + Level 9.0 Armour
 + Level 6.7 Dodging


You had 11 spell levels left.
You didn't know any spells.

Dungeon Overview and Level Annotations

Branches:
Dungeon (13/15)            Temple (1/1) D:5            Lair (2/6) D:10
    Orc (0/2) D:9
  Swamp: Lair:2-4    Shoals: Lair:2-4     Snake: Lair:2-4    Spider: Lair:2-4
 Vaults: D:13-14

Altars:
Ashenzari
Cheibriados
Dithmenos
Elyvilon
Fedhas
Gozag
Hepliaklqana
Kikubaaqudgha
Makhleb
Nemelex Xobeh
Okawaru
Qazlal
Ru
Sif Muna
Trog
Uskayaw
Vehumet
Wu Jian
Xom
Yredelemnul
Zin
The Shining One

Shops:
D:4 (   D:9 [

Annotations:
D:13 Sonja
Lair:1 exclusion: oklob plant


Message History

* * * LOW HITPOINT WARNING * * *
You are more poisoned.
The soldier ant poisons you! You block the soldier ant's attack.
The soldier ant barely misses you. The soldier ant stings you!
* * * LOW HITPOINT WARNING * * *
You are more poisoned.
The soldier ant poisons you! The soldier ant stings you.
* * * LOW HITPOINT WARNING * * *
You are more poisoned.
The soldier ant poisons you!
You puncture the soldier ant!
You kill the soldier ant!
Trog accepts your kill.
* * * LOW HITPOINT WARNING * * *
You feel extremely sick. The worker ant barely misses you.
You block the soldier ant's attack. x2
The worker ant bites you but does no damage.
The soldier ant stings you but does no damage.
The soldier ant closely misses you.
You die...

....#..#.........P...
...##..+.............
##.....#.............
##P...†P...........
................#
...........aa..#
..........aaa†a#
..........a.aa#.aaaa.
.........##@#.##.aaa.
...#.......##..#aaa..
..##.....#. ..##


aa.. .P.....## ..# ..# ....... ... ### .. [... . You could see 6 soldier ants
and 3 worker ants.

Vanquished Creatures
  An ogre mage (D:11)
  A two-headed ogre (D:8)
  A queen ant (Lair:2)
  An unseen horror (D:13)
  Pikel (D:8)
  A wolf spider zombie (D:13)
  2 ugly things (D:11)
  A manticore (D:13)
  A centaur zombie (D:11)
  2 black mambas
  6 spiny frogs
  2 gargoyles
  A komodo dragon (Lair:1)
  2 trolls
  3 slime creatures (D:12)
  A hornet (D:8)
  3 hippogriffs
  A centaur simulacrum (D:13)
  A spriggan (D:7)
  A wraith (D:13)
  2 basilisks
  A hungry ghost (D:11)
  An acid dragon (D:13)
  7 soldier ants
  3 water moccasins
  2 porcupines (Lair:1)
  3 slaves (D:8)
  6 ogres
  2 orc warriors
  2 ice beasts
  3 sky beasts
  A necrophage (D:10)
  A black bear (D:11)
  4 wolves (Lair:1)
  7 centaurs
  3 crocodiles
  A big kobold (D:8)
  8 bullfrogs
  A wyvern skeleton (D:11)
  4 scorpions
  7 wights
  10 howler monkeys
  4 crimson imps
  5 jellies
  A gnoll shaman (D:7)
  5 hounds
  7 orc priests
  3 centaur skeletons
  2 bullfrog skeletons
  4 iguanas
  14 orc wizards
  12 worker ants
  6 gnolls
  15 adders
  3 shadow imps
  4 oozes
  An adder skeleton (D:8)
  7 worms
  A dart slug (D:3)
  6 leopard geckos
  44 orcs
  2 ball pythons
  3 giant cockroaches
  12 goblins
  8 hobgoblins
  10 jackals
  16 kobolds
  5 quokkas
  9 bats
  7 frilled lizards
  A jackal skeleton (D:4)
  A quokka zombie (D:6)
  9 rats
339 creatures vanquished.

Vanquished Creatures (others)
  A bullfrog (D:11)
  An orc priest (D:8)
  An orc wizard (D:8)
  A bat (D:2)
4 creatures vanquished.

Grand Total: 343 creatures vanquished

Notes
Turn   | Place    | Note
-------+----------+-------------------------------------------
     0 | D:1      | valhalheru the Hill Orc Berserker began the quest for the Orb.
     0 | D:1      | Reached XP level 1. HP: 19/19 MP: 1/1
   218 | D:1      | HP: 1/20 [kobold/short sword (3)]
   578 | D:1      | Reached XP level 2. HP: 22/27 MP: 2/2
   827 | D:1      | Reached XP level 3. HP: 33/33 MP: 3/3
   955 | D:1      | Reached skill level 4 in Fighting
  1340 | D:1      | Reached skill level 1 in Short Blades
  1380 | D:2      | Found a stormy altar of Qazlal.
  1382 | D:2      | Found a bloodstained altar of Trog.
  1665 | D:2      | Reached ** piety under Trog
  1881 | D:2      | Reached XP level 4. HP: 25/40 MP: 4/4
  2101 | D:2      | Found a burning altar of Makhleb.
  2373 | D:2      | Reached XP level 5. HP: 45/47 MP: 5/5
  2768 | D:3      | Reached skill level 5 in Fighting
  2928 | D:3      | Found a shattered altar of Ashenzari.
  3000 | D:3      | Reached XP level 6. HP: 56/56 MP: 6/6
  3102 | D:3      | Reached *** piety under Trog
  3776 | D:4      | Found Xyczorest's Antique Weapon Shop.
  3792 | D:4      | Bought a glowing trident for 175 gold pieces
  4199 | D:4      | Reached XP level 7. HP: 58/62 MP: 7/7
  4459 | D:4      | Reached skill level 6 in Fighting
  4874 | D:5      | Entered Level 5 of the Dungeon
  5289 | D:5      | Found a staircase to the Ecumenical Temple.
  5294 | Temple   | Entered the Ecumenical Temple
  5534 | D:5      | Reached XP level 8. HP: 64/71 MP: 8/8
  5623 | D:5      | Found a snail-covered altar of Cheibriados.
  5929 | D:5      | Reached skill level 5 in Polearms
  6167 | D:6      | Reached skill level 7 in Fighting
  6412 | D:6      | Reached **** piety under Trog
  6877 | D:6      | Noticed a moth of wrath
  6880 | D:6      | Found a bloodstained altar of Trog.
  7234 | D:6      | Reached skill level 5 in Armour
  7261 | D:7      | Reached skill level 8 in Fighting
  7362 | D:7      | Noticed a hippogriff
  7373 | D:7      | Killed a hippogriff
  7373 | D:7      | Reached XP level 9. HP: 72/82 MP: 9/9
  7451 | D:7      | Got an ancient leather armour
  7468 | D:7      | Identified the +3 leather armour of Valour {rPois} (You found it on level 7 of the Dungeon)
  7598 | D:7      | Reached skill level 5 in Short Blades
  7991 | D:7      | Reached ***** piety under Trog
  8359 | D:7      | Reached skill level 9 in Fighting
  8802 | D:7      | Found an opulent altar of Gozag.
  9101 | D:8      | Noticed a hornet
  9111 | D:8      | Killed a hornet
  9111 | D:8      | Reached XP level 10. HP: 92/92 MP: 10/10
  9268 | D:8      | Noticed Pikel
  9296 | D:8      | Reached skill level 1 in Throwing
  9447 | D:8      | Reached skill level 10 in Fighting
  9454 | D:8      | Received a gift from Trog
  9457 | D:8      | Got an ancient glaive {god gift}
  9472 | D:8      | Identified the +3 glaive "Aubergine" {freeze, Dex+3} (Trog gifted it to you on level 8 of the Dungeon)
  9531 | D:8      | Killed Pikel
  9531 | D:8      | Reached skill level 5 in Dodging
  9866 | D:8      | Found a shattered altar of Ashenzari.
  9932 | D:8      | You fall through a shaft for 3 floors!
  9959 | D:10     | Entered Level 10 of the Dungeon
 10024 | D:10     | Noticed a gargoyle
 10035 | D:10     | Killed a gargoyle
 10109 | D:9      | Found an ornate altar of the Wu Jian Council.
 10212 | D:9      | Found a staircase to the Orcish Mines.
 10214 | D:9      | Found Aninov's Armour Boutique.
 10717 | D:8      | Noticed a two-headed ogre
 10731 | D:8      | Killed a two-headed ogre
 10731 | D:8      | Reached skill level 11 in Fighting
 10731 | D:8      | Reached XP level 11. HP: 16/102 MP: 11/11
 11757 | D:10     | You fall through a shaft for 3 floors!
 11857 | D:13     | Found a runed door.
 11857 | D:13     | Noticed a manticore
 11886 | D:13     | Killed a manticore
 12048 | D:13     | Killed an unseen horror
 12296 | D:13     | Noticed Sonja
 12392 | D:13     | Reached skill level 10 in Polearms
 13214 | D:11     | Reached skill level 12 in Fighting
 13222 | D:11     | Noticed an ogre mage
 13233 | D:11     | Killed an ogre mage
 13798 | D:11     | Got a faintly glowing trident
 13799 | D:11     | Identified the +10 trident "Qiuthrucy" {drain, *Rage rF++ Int+2} (You found it on level 11 of the Dungeon)
 13827 | D:11     | Noticed a purple ugly thing
 13827 | D:11     | Noticed a green ugly thing
 13833 | D:11     | Killed a purple ugly thing
 13838 | D:11     | Killed a purple ugly thing
 14047 | D:11     | Got a bloodstained buckler
 14053 | D:11     | Identified the +2 buckler of the Thinker {rC- Dex+4} (You found it on level 11 of the Dungeon)
 14463 | D:10     | Found a staircase to the Lair.
 14642 | Lair:1   | Entered Level 1 of the Lair of Beasts
 14649 | Lair:1   | Reached XP level 12. HP: 102/113 MP: 12/12
 14968 | Lair:1   | Found a sparkling altar of Nemelex Xobeh.
 15056 | Lair:1   | Got a translucent helmet
 15067 | Lair:1   | Identified the cursed +0 helmet of Fun and Games {rF+ rC++} (You found it on level 1 of the Lair of Beasts)
 15462 | Lair:1   | Received a gift from Trog
 15638 | Lair:2   | Reached skill level 13 in Fighting
 15813 | Lair:2   | Noticed a queen ant
 15833 | Lair:2   | Killed a queen ant
 15842 | Lair:2   | Succumbed to a soldier ant's poison

Vault maps used:
D:1:      elethiomel_arrival_shortcut
D:2:      makhleb_grotto_becter, grunt_qazlal_sundering, grunt_ministairs_12,
          st_stairs_7, trog_hazing_becter
D:3:      cheibrodos_old_hovel, ashenzari_conservatory_becter
D:4:      serial_shops, shop, first_bread
D:5:      temple_doors_cd, basic_altar, wad_floor_pattern_untrapped
D:6:      tgw_trog, dk_vineyard_3
D:7:      nicolae_gozag_cash_rules_everything_around_me, grunt_decor_arrowhead,
          hangedman_glass_garden, the_bakery
D:8:      minmay_item_behind_shaft, cheibrodos_ashenzari_chains, uniq_pikel
D:9:      old_standard_altar, orc_david_3, minmay_liquid_box
D:10:     lair_entry_dummy
D:11:     minmay_bloctagon_deflated
D:12:     enter_trove_1, uniq_psyche
D:13:     minmay_the_grid_triangle_9x9_recursive_3_mashed, minivault_26,
          uniq_sonja
Temple:   nicolae_temple_elliptical
Lair:1:   lemuel_oklob_altar
Lair:2:   minivault_19, minivault_29

Skill      XL: |  1  2  3  4  5  6  7  8  9 10 11 12 |
---------------+-------------------------------------+-----
Fighting       | 4 5 6 8 9 11 12 13 | 13.1
Short Blades   | 1 2 3 4 5 |  5.8
Armour         | 3 4 5 6 7 8 9 |  9.0
Dodging        | 2 3 4 5 6 |  6.7
Polearms       | 4 6 7 9 10 11 | 11.6
Throwing       | 2 4 |  4.8

Action                   |  1- 3 |  4- 6 |  7- 9 | 10-12 || total
-------------------------+-------+-------+-------+-------++-------
Melee: Spear             |    31 |       |       |       ||    31
       Dagger            |   101 |   316 |       |       ||   417
       Trident           |       |    30 |   355 |   222 ||   607
       Glaive            |       |       |       |   245 ||   245
Throw: Stone             |       |    12 |       |       ||    12
       Tomahawk          |       |       |     4 |       ||     4
Invok: Berserk           |       |     3 |     5 |     4 ||    12
       Burn Spellbooks   |       |     1 |     1 |     2 ||     4
Evoke: Wand              |       |       |     2 |     1 ||     3
  Use: Scroll            |     9 |     7 |     9 |    14 ||    39
       Potion            |       |       |       |     5 ||     5
 Stab: Sleeping          |     1 |       |       |       ||     1
  Eat: Chunk             |     3 |    10 |    18 |    10 ||    41
       Fruit             |       |       |     1 |    11 ||    12
       Royal jelly       |       |       |     1 |     4 ||     5
Armor: Animal skin       |     9 |       |       |       ||     9
       Leather armour    |    16 |       |       |       ||    16
       Plate armour      |    11 |   171 |   202 |   337 ||   721
Dodge: Dodged            |    72 |    62 |   121 |   235 ||   490
Block: Buckler           |    15 |    41 |    44 |    49 ||   149
